 Dungeon Crawl Stone Soup version 0.28.0-43-g3370ac3207 (webtiles) character file.

Game seed: 12627535808240447358

111 experimilk the Chopper (level 4, -6/37 HPs)
             Began as a Palentonga Fighter on Mar 19, 2022.
             Mangled by a gnoll
             ... wielding a +0 halberd
              (13 damage)
             ... on level 3 of the Dungeon.
             The game lasted 00:03:43 (2391 turns).

experimilk the Chopper (Palentonga Fighter)         Turns: 2391, Time: 00:03:44

Health: -6/37      AC:  6    Str: 21    XL:     4   Next: 62%
Magic:  4/4        EV:  8    Int:  9    God:
Gold:   67         SH:  4    Dex:  9    Spells: 3/3 levels left

rFire   . . .      SeeInvis +   a - +0 war axe
rCold   . . .      Faith    .   c - +0 buckler
rNeg    . . .      Spirit   .   i - +0 ring mail
rPois   .          Reflect  .   (no helmet)
rElec   .          Harm     .   (no cloak)
rCorr   +          Rampage  .   (no gloves)
Will    +....                   (no barding)
Stlth   ..........              (no amulet)
HPRegen 0.12/turn               n - ring of resist corrosion
MPRegen 0.09/turn               o - ring of willpower

@: mighty
A: large, rugged brown scales 3, see invisible, deformed body, roll 1, armoured
tail
a: Rolling Charge


You were on level 3 of the Dungeon.
You visited 1 branch of the dungeon, and saw 3 of its levels.

You collected 67 gold pieces.

Inventory:

Hand Weapons
 a - a +0 war axe (weapon)
Armour
 b - a +0 scale mail
 c - a +0 buckler (worn)
 i - a +0 ring mail (worn)
Jewellery
 n - a ring of resist corrosion (left hand)
 o - a ring of willpower (right hand)
Wands
 j - a wand of iceblast (5)
Scrolls
 e - a scroll of fear {unknown}
 h - 5 scrolls of identify {unknown}
 k - a scroll of torment {unknown}
 p - a scroll of enchant armour {unknown}
Potions
 f - 2 potions of curing {unknown}
 g - a potion of mutation {unknown}
 l - a potion of attraction {unknown}
 m - a potion of cancellation {unknown}


   Skills:
 - Level 3.0 Fighting
 * Level 4.9 Axes
 - Level 2.4 Armour
 - Level 2.4 Shields


You had 3 spell levels left.
You didn't know any spells.
Your spell library contained the following spells:

 Spells                   Type           Power      Damage    Failure   Level
 Slow                     Hex            0%         N/A       63%         1
 Confusing Touch          Hex            0%         N/A       94%         3
 Vampiric Draining        Necr           0%         2d6       94%         3


Dungeon Overview and Level Annotations

Branches:
Dungeon (3/15)

Altars:
The Shining One

Shops:
D:2 (

Annotations:
D:2 1 runed translucent door, Crazy Yiuf


Innate Abilities, Weirdness & Mutations

You are completely covered in rugged brown scales. (AC +3, +7% HP)
You have supernaturally acute eyesight. (SInv)
Armour fits poorly on your strangely shaped body.
You can roll at nearby foes to attack.
You have a long armoured tail.


Message History

The gnoll shouts!
You hear a shout!
A gnoll comes into view. It is wielding a +0 halberd.
A gnoll comes into view. It is wielding a +0 whip.
The gnoll shouts!
Roll where?
Press: ? - help, Dir - move target, f - gnoll
Aim: a gnoll, wielding a +0 club You roll forward with a clatter of scales!
Found 6 gold pieces.
You barely miss the gnoll. The gnoll hits you with a +0 club.
You slash the gnoll!
The gnoll is severely wounded.
The gnoll hits you with a +0 club. The gnoll barely misses you. x2
You slash the gnoll!
You kill the gnoll!
The gnoll hits you from afar with a +0 halberd!
You feel very mighty all of a sudden. The gnoll hits you with a +0 whip.
You barely miss the gnoll.
Your tail-slap misses the gnoll.
The gnoll barely misses you. The gnoll hits you with a +0 whip.
The gnoll barely misses you.
You barely miss the gnoll. The gnoll barely misses you.
The gnoll hits you but does no damage. The gnoll hits you with a +0 whip.
You slash the gnoll!
The gnoll is heavily wounded.
The gnoll hits you from afar with a +0 halberd.
* * * LOW HITPOINT WARNING * * *
The gnoll hits you but does no damage.
You slice the gnoll!!
You kill the gnoll!
The gnoll hits you from afar with a +0 halberd.
* * * LOW HITPOINT WARNING * * *
Roll where?
Press: ? - help, Dir - move target, f - gnoll
Aim: a gnoll, wielding a +0 halberd You roll forward with a clatter of scales!
You closely miss the gnoll. You tail-slap the gnoll.
The gnoll is moderately wounded.
The gnoll completely misses you. The gnoll hits you with a +0 halberd!
You die...

##...........
##..........
##.........#
#.........##
##........#
#........ #####
#........
......###○.......
...>..)g@........
$.....#..........
#.......#........
..###.###.#######
# #. #.# # #.#
#.# ..


You could see a gnoll.

Vanquished Creatures
  2 gnolls (D:3)
  5 adders (D:2)
  A dart slug (D:3)
  15 ball pythons
  An endoplasm (D:1)
  A giant cockroach (D:3)
  4 goblins
  A hobgoblin (D:1)
  5 jackals
  A quokka (D:1)
  3 bats
  A frilled lizard (D:2)
  3 kobolds
  4 rats
47 creatures vanquished.

Vanquished Creatures (others)
  2 fungi (D:2)
2 creatures vanquished.

Grand Total: 49 creatures vanquished

Notes
Turn   | Place    | Note
-------+----------+-------------------------------------------
     0 | D:1      | experimilk the Palentonga Fighter began the quest for the
                  | Orb.
     0 | D:1      | Reached XP level 1. HP: 19/19 MP: 1/1
   241 | D:1      | Reached XP level 2. HP: 17/25 MP: 2/2
   418 | D:1      | Reached skill level 3 in Axes
   874 | D:2      | Reached XP level 3. HP: 27/31 MP: 3/3
  1078 | D:2      | Found Witabuud's Weapon Emporium.
  1123 | D:2      | Reached skill level 4 in Axes
  1351 | D:2      | Reached XP level 4. HP: 37/37 MP: 4/4
  1612 | D:2      | Found a runed translucent door.
  1613 | D:2      | Noticed Crazy Yiuf
  1867 | D:2      | Found a glowing golden altar of the Shining One.
  2292 | D:3      | Found a faded altar of an unknown god.
  2391 | D:3      | Mangled by a gnoll

Illustrated notes

Levels and vault maps discovered:
D:1:      dpeg_arrival_snail, layout_basic
D:2:      layout_loops_ring, serial_shops, nicolae_shop_bloodbath_and_beyond,
          basic_altar, minmay_snake_closets, uniq_crazy_yiuf_cottage
D:3:      minmay_thinvault, layout_rooms, grunt_temple_overflow_opulence,
          gammafunk_ghost_grave, shapermc_ecumenical_altar_hornbeckon,
          minmay_quantized

Skill      XL: |  1  2  3 |
---------------+----------+-----
Axes           | 3 4 |  4.9
Fighting       | |  3.0
Armour         | |  2.4
Shields        | |  2.4

Action                   |  1- 3 |  4- 6 || total
-------------------------+-------+-------++-------
Melee: War axe           |    84 |    39 ||   123
       Tailslap          |     5 |     6 ||    11
 Abil: Rolling Charge    |     6 |     6 ||    12
  Use: Potion            |       |     1 ||     1
Armor: Scale mail        |    38 |       ||    38
       Ring mail         |    19 |    20 ||    39
Dodge: Dodged            |    34 |    20 ||    54
Block: Buckler           |    18 |     5 ||    23
